 Dungeon Crawl Stone Soup version 0.28.0-43-g3370ac3207 (webtiles) character file.

Game seed: 49255961490399612

8612 mortz the Destroyer (level 11, -7/74 HPs)
             Began as a Human Conjurer on Mar 6, 2022.
             Was a Follower of Vehumet.
             Mangled by a water elemental (8 damage)
             ... on level 11 of the Dungeon.
             The game lasted 01:38:47 (15194 turns).

mortz the Destroyer (Human Conjurer)               Turns: 15194, Time: 01:38:48

Health: -7/74      AC: 16    Str: 14    XL:     11   Next: 59%
Magic:  26/33      EV: 13    Int: 26    God:    Vehumet [*.....]
Gold:   128        SH:  5    Dex: 13    Spells: 14/28 levels left

rFire   + . .      SeeInvis .   n - +4 battleaxe "Goblinbane" {venom, Str+4, axe}
rCold   x . .      Faith    .   (shield currently unavailable)
rNeg    . . .      Spirit   .   g - +4 leather armour of Hepliaklqana's Anger {rElec Will+++ Int-4}
rPois   .          Reflect  +   y - +2 helmet
rElec   +          Harm     .   (no cloak)
rCorr   .          Rampage  .   X - +2 pair of gloves
Will    +++..                   J - +1 pair of boots
Stlth   +++.......              p - amulet of reflection
HPRegen 0.22/turn               G - ring "Kunicipn" {Fire MP+9 Int+3 Dex+2}
MPRegen 0.23/turn               E - +6 ring of intelligence

@: engulfed (cannot breathe)
A: no striking features
a: Renounce Religion


You were on level 11 of the Dungeon.
You worshipped Vehumet.
Vehumet was aware of your devotion.
You visited 2 branches of the dungeon, and saw 12 of its levels.

You collected 618 gold pieces.
You spent 490 gold pieces at shops.


   Skills:
 + Level 2.6 Fighting
 + Level 0.9 Long Blades
 + Level 0.1(2.4) Axes
 + Level 4.0 Polearms
 + Level 4.6 Armour
 + Level 4.9 Dodging
 + Level 5.6 Stealth
 + Level 3.6 Shields
 + Level 9.1 Spellcasting
 + Level 9.9 Conjurations
 + Level 0.3 Translocations
 + Level 2.4 Air Magic
 + Level 2.3 Poison Magic


You had 14 spell levels left.
You knew the following spells:

 Your Spells              Type           Power      Damage    Failure   Level
a - Magic Dart            Conj           100%       1d8       1%          1
b - Searing Ray           Conj           100%       2d8       1%          2
c - Mephitic Cloud        Conj/Pois/Air  37%        N/A       2%          3
d - Iskenderun's Mystic   Conj/Tloc      38%        2d9       8%          4
e - Fulminant Prism       Conj/Hex       18%        3d11      8%          4

Your spell library contained the following spells:

 Spells                   Type           Power      Damage    Failure   Level
 Foxfire                  Conj/Fire      100%       2x1d9     1%          1
 Dazzling Flash           Conj/Hex       74%        N/A       2%          3
 Sublimation of Blood     Necr           11%        N/A       10%         2
 Wereblood                Tmut           11%        N/A       10%         2
 Ignite Poison            Fire/Tmut/Pois 23%        N/A       14%         3
 Lightning Bolt           Conj/Air       22%        1d37      14%         5
 Airstrike                Air            12%        N/A       22%         4
 Freezing Cloud           Conj/Ice/Air   16%        6-21      30%         5
 Summon Lightning Spire   Summ/Air       18%        N/A       36%         4
 Conjure Ball Lightning   Conj/Air       22%        3x3d6     58%         6
 Summon Hydra             Summ           5%         N/A       100%        7
 Discord                  Hex            5%         N/A       100%        8
 Disjunction              Tloc           6%         N/A       100%        8

Inventory:

Hand Weapons
 n - the +4 battleaxe "Goblinbane" (weapon) {venom, Str+4, axe}
   (You found it on level 10 of the Dungeon)

   It poisons the flesh of those it strikes.
   Str:       It affects your strength (+4).
 H - a +1 dagger of venom {short}
   (You took it off a kobold on level 10 of the Dungeon)
 Z - a +1 scimitar of flaming {long}
   (You took it off Erica on level 9 of the Dungeon)
Missiles
 c - 217 stones {throwing}
 x - 3 poisoned darts {throwing}
Armour
 f - the +0 leather armour of Plog {Regen+}
   (You found it on level 9 of the Dungeon)

   Regen:     It increases your rate of health regeneration.
 g - the +4 leather armour of Hepliaklqana's Anger (worn) {rElec Will+++ Int-4}
   (You found it on level 9 of the Dungeon)

   Int:       It affects your intelligence (-4).
   rElec:     It insulates you from electricity.
   Will:      It greatly increases your willpower.
 y - a +2 helmet (worn)
   (You took it off Robin on level 4 of the Dungeon)
 D - a +3 leather armour
   (You found it on level 5 of the Dungeon)
 J - a +1 pair of boots (worn)
   (You found it on level 6 of the Dungeon)
 M - a +1 buckler
   (You found it on level 6 of the Dungeon)
 R - a +1 robe of willpower
   (You found it on level 8 of the Dungeon)
 X - a +2 pair of gloves (worn)
   (You found it on level 9 of the Dungeon)
Magical Staves
 o - a staff of fire {!astaff}
   (You found it on level 2 of the Dungeon)
Jewellery
 h - a ring of magical power
   (You found it on level 1 of the Dungeon)
 p - an amulet of reflection (around neck)
   (You found it on level 2 of the Dungeon)
 w - a ring of positive energy
   (You found it on level 3 of the Dungeon)
 E - a +6 ring of intelligence (right hand)
   (You found it on level 5 of the Dungeon)
 F - a ring of protection from cold
   (You found it on level 5 of the Dungeon)
 G - the ring "Kunicipn" (left hand) {Fire MP+9 Int+3 Dex+2}
   (You found it on level 5 of the Dungeon)

   [ring of fire]

   It enhances your fire magic.
   Int:       It affects your intelligence (+3).
   Dex:       It affects your dexterity (+2).
   rF:        It protects you from fire.
   rC:        It makes you vulnerable to cold.
   MP:        It affects your magic capacity (+9).
 L - a +6 ring of strength
   (You found it on level 6 of the Dungeon)
 N - a +6 ring of intelligence
   (You found it on level 7 of the Dungeon)
Wands
 j - a wand of charming (5)
   (You found it on level 9 of the Dungeon)
 t - a wand of digging (8)
   (You found it on level 5 of the Dungeon)
 C - a wand of flame (16)
   (You found it on level 5 of the Dungeon)
 Y - a wand of mindburst (17)
   (You found it on level 9 of the Dungeon)
Scrolls
 a - a scroll of magic mapping {unknown}
 b - 2 scrolls of fog
 d - a scroll of silence {!r}
 e - 4 scrolls of amnesia
 i - a scroll of torment {unknown}
 l - a scroll of blinking {unknown}
 m - a scroll of enchant weapon {unknown}
 A - 6 scrolls of teleportation {@r4}
 Q - a scroll of fear {unknown}
 T - a scroll of vulnerability {unknown}
Potions
 k - 2 potions of brilliance
 q - 3 potions of heal wounds {@q2}
 r - 3 potions of invisibility {unknown}
 u - 2 potions of mutation {unknown}
 v - a potion of ambrosia {unknown}
 z - a potion of curing {unknown}
 B - 3 potions of haste {unknown}
 S - a potion of degeneration {unknown}
Miscellaneous
 V - a lightning rod (4/4)
   (You bought it in a shop on level 9 of the Dungeon)

Dungeon Overview and Level Annotations

Branches:
Dungeon (11/15)            Temple (1/1) D:4             Orc (0/2) D:11
   Lair: D:8-11

Altars:
Ashenzari
Cheibriados
Dithmenos
Elyvilon
Fedhas
Gozag
Hepliaklqana
Kikubaaqudgha
Makhleb
Nemelex Xobeh
Okawaru
Qazlal
Ru
Sif Muna
Trog
Uskayaw
Vehumet
Wu Jian
Xom
Yredelemnul
Zin
The Shining One

Shops:
D:6 *   D:9 *   D:10 (

Annotations:
D:5 2 runed translucent doors, Icepheonix32's ghost, amateur DrFE
D:9 3 runed translucent doors, tizbic2's ghost, novice OpTm
D:10 3 runed translucent doors, Diggabert's ghost, journeyman HOFi; Icepheonix32's ghost, journeyman DsGl; Sanktem7's ghost, novice MiFi; sanboga's ghost, journeyman GrFi

..≈..≈.≈≈≈≈..
≈h≈≈≈≈≈≈≈≈.≈
≈≈≈≈≈≈≈≈≈≈≈
≈≈≈≈≈≈≈≈..
≈≈≈≈≈≈. ≈≈l≈
#E#####
#@....#
#####.#
######.#
#......#
#......+
#......#
#......#
#......#
#......#


You could see a komodo dragon, a water elemental and a wolf.


Message History

The searing ray hits the centaur warrior zombie!
The centaur warrior zombie hits you but does no damage.
The centaur warrior zombie closely misses you. 😕 MP[-1]
You lost 1 mp, and now have 13/33 mp.
The searing ray hits the centaur warrior zombie!
The centaur warrior zombie hits you but does no damage.
You block the centaur warrior zombie's attack.
The centaur warrior zombie hits you.
The centaur warrior zombie kicks you. 😕 HP[-8] MP[-1]
You take 8 damage, and now have 58/74 hp.
You lost 1 mp, and now have 12/33 mp.
The searing ray hits the centaur warrior zombie.
You destroy the centaur warrior zombie!
Vehumet accepts your kill.
You finish channelling your searing ray. 😕 MP[-1]
You lost 1 mp, and now have 11/33 mp.
You start resting.
A water elemental comes into view. 😕 HP[+5] MP[+5]
You regained 5 hp, and now have 63/74 hp.
You regained 5 mp, and now have 16/33 mp. 😕 HP[+1] MP[+1] 😕 MP[+1] 😕 HP[+1] 😕 MP[+1] 😕 HP[+1]
There is a stone staircase leading up here.
You climb upwards.
Level annotation: 3 runed translucent doors, Diggabert's ghost, journeyman HOFi; Icepheonix32's ghost, journeyman DsGl; Sanktem7's ghost, novice MiFi; sanboga's ghost, journeyman GrFi
There is a stone staircase leading down here. 😕 HP[+1] MP[+1]
You start resting. 😎 HP[+7] MP[+7]
Your hp is fully restored (74).
You regained 7 mp, and now have 27/33 mp.
You start resting. 😎 MP[+6]
Your mp is fully restored (33).
You climb downwards.
There is a stone staircase leading up here.
A centaur warrior zombie comes into view.
Casting: Searing Ray (safe; 1% risk of failure)
Confirm with . or Enter, or press ? or * to list all spells.
You erupt in a blast of force!
The mystic blast hits the water elemental.
The water elemental is knocked back by the mystic blast.
You hear a bark!
You hear an angry hiss. 😎 MP[-4]
You lost 4 mp, and now have 29/33 mp.
Casting: Iskenderun's Mystic Blast (dangerous; 8% risk of failure)
Confirm with . or Enter, or press ? or * to list all spells.
Aiming: Searing Ray (safe; 1% risk of failure)
Press: ? - help, Shift-Dir - straight line, f - water elemental
Aim: a water elemental (water, lightly damaged, 90% to hit)
The searing ray hits the water elemental. (Press . to maintain the ray.) 😎 MP[-2]
You lost 2 mp, and now have 27/33 mp.
The searing ray hits the water elemental. 😎 MP[-1]
You lost 1 mp, and now have 26/33 mp.
The searing ray hits the water elemental!
The water elemental closely misses you.
The searing ray hits the water elemental!
You finish channelling your searing ray.
The water elemental hits you!
The water elemental engulfs you in water! 😕 HP[-9] MP[-1]
You take 9 damage, and now have 65/74 hp.
You lost 1 mp, and now have 25/33 mp.
You cannot cast spells while unable to breathe!
The wolf howls!
You slash the water elemental!
Your lungs strain for air!
The water elemental hits you.
The water elemental closely misses you. 😕 HP[-8]
You take 8 damage, and now have 57/74 hp.
You barely miss the water elemental.
Your lungs strain for air!
The water elemental hits you! 😮 HP[-18] MP[+1]
You take 18 damage, and now have 39/74 hp.
MASSIVE DAMAGE!! (PAUSE)
You hit the water elemental but do no damage.
* * * LOW HITPOINT WARNING * * *
Your lungs strain for air!
A wyvern comes into view.
The water elemental hits you!
* * * LOW HITPOINT WARNING * * *
The water elemental hits you.
The wyvern moves out of view. 😱 HP[-26]
You take 26 damage, and now have 13/74 hp.
MASSIVE DAMAGE!! (PAUSE)
You hit the water elemental but do no damage.
* * * LOW HITPOINT WARNING * * *
Your lungs strain for air!
The water elemental hits you!
You die...

Skill      XL: |  1  2  3  4  5  6  7  8  9 10 11 |
---------------+----------------------------------+-----
Conjurations   | 5 6 7 8 9 |  9.9
Spellcasting   | 3 4 6 7 8 9 |  9.1
Armour         | 1 2 3 4 |  4.6
Stealth        | 3 4 5 |  5.6
Shields        | 1 2 3 |  3.6
Fighting       | 1 2 |  2.6
Dodging        | 3 4 |  4.9
Air Magic      | 1 2 |  2.4
Poison Magic   | 1 2 |  2.3
Polearms       | 4 |  4.0
Long Blades    | |  0.9
Axes           | |  0.1
Translocations | |  0.3

Action                   |  1- 3 |  4- 6 |  7- 9 | 10-12 || total
-------------------------+-------+-------+-------+-------++-------
Melee: Club              |     6 |       |       |       ||     6
       Battleaxe         |       |       |       |    10 ||    10
       Scimitar          |       |       |       |     9 ||     9
 Cast: Magic Dart        |    42 |    71 |    72 |    91 ||   276
       Searing Ray       |     6 |    22 |    56 |    83 ||   167
       Mephitic Cloud    |       |       |    10 |    20 ||    30
       Iskenderun's Myst |       |       |       |     4 ||     4
  Use: Scroll            |       |     3 |     4 |     5 ||    12
 Stab: Confused          |       |       |       |     1 ||     1
Armor: Robe              |     2 |       |       |       ||     2
       Leather armour    |       |     4 |    24 |    39 ||    67
Dodge: Dodged            |     3 |     4 |    46 |    53 ||   106
Block: Other             |       |     8 |    16 |     7 ||    31
       Buckler           |       |       |       |    58 ||    58
       Reflection        |       |       |       |    11 ||    11

Levels and vault maps discovered:
D:1:      dpeg_arrival_three_same_balls, layout_rooms, serial_forest,
          infiniplex_forest_straight_2, infiniplex_forest_end_1,
          infiniplex_forest_straight_4, infiniplex_forest_clump_curved,
          infiniplex_forest_clump_small, infiniplex_forest_lined_3,
          infiniplex_forest_clump_medium, infiniplex_forest_clump_medium,
          interstate_on_off
D:2:      minmay_evil_eye, layout_basic, wad_orctagon
D:3:      layout_basic, mainiacjoe_overflow_paths,
          nicolae_tso_swordbearing_angel, kennysheep_generic_room_4
D:4:      layout_cave_pools, okawaru_gym_becter, minmay_temple_entry_crystal_x,
          patterned_corridor, uniq_robin
D:5:      layout_basic, ebering_ghost_disaster_area, minmay_diced_spiral,
          uniq_sigmund, uniq_pikel
D:6:      layout_basic, serial_shops, nicolae_shop_behind_doors,
          nicolae_elevator_lobby_asterisk, uniq_prince_ribbit1
D:7:      layout_basic, xom_teletrap_fun, mainiacjoe_overflow_small_starburst,
          serial_bayou_lake_a
D:8:      layout_layer_cave, nicolae_dithmenos_through_a_glass_darkly
D:9:      layout_roguey, nicolae_overflow_hidden_temple,
          mainiacjoe_overflow_chevrons, gammafunk_ghost_necromancy,
          serial_shops, shop_coins, uniq_erica
D:10:     layout_basic, mainiacjoe_overflow_alcove_4, gammafunk_ghost_cemetery,
          nicolae_shop_firing_range
D:11:     layout_basic, erik_lair_island, serial_nicolae_subway,
          nicolae_sub_station_stone, nicolae_sub_station_metal,
          nicolae_sub_station_crystal
Temple:   cyrus_circular_temple

Notes
Turn   | Place    | Note
-------+----------+-------------------------------------------
     0 | D:1      | mortz the Human Conjurer began the quest for the Orb.
     0 | D:1      | Reached XP level 1. HP: 13/13 MP: 3/3
     0 | D:1      | magus.rc [v1.9.6]
   347 | D:1      | Reached XP level 2. HP: 19/19 MP: 0/5
   437 | D:1      | You add the spells Ignite Poison, Mephitic Cloud and
                  | Freezing Cloud to your library.
   544 | D:1      | Learned a level 2 spell: Searing Ray
  1061 | D:1      | Reached XP level 3. HP: 24/24 MP: 6/6
  1725 | D:2      | Reached XP level 4. HP: 30/30 MP: 7/7
  1781 | D:2      | Reached skill level 5 in Conjurations
  3012 | D:3      | Found a glowing silver altar of Zin.
  3016 | D:3      | Reached XP level 5. HP: 35/35 MP: 9/9
  3552 | D:3      | Reached skill level 3 in Spellcasting
  3893 | D:3      | Found a glowing golden altar of the Shining One.
  4050 | D:4      | Noticed Robin
  4160 | D:4      | Killed Robin
  4229 | D:4      | Noticed a black bear
  4238 | D:4      | Killed a black bear
  4239 | D:4      | Reached skill level 1 in Armour
  4239 | D:4      | Reached XP level 6. HP: 41/41 MP: 11/11
  4430 | D:4      | Found an iron altar of Okawaru.
  4552 | D:4      | Noticed an ogre
  4557 | D:4      | Killed an ogre
  4558 | D:4      | Reached skill level 3 in Stealth
  4558 | D:4      | Reached skill level 4 in Spellcasting
  4634 | D:4      | Found a staircase to the Ecumenical Temple.
  4643 | Temple   | Entered the Ecumenical Temple
  4712 | Temple   | magus.rc [v1.9.6]
  4712 | Temple   | magus.rc [v1.9.6]
  4726 | D:4      | Reached XP level 7. HP: 46/46 MP: 13/13
  5036 | D:5      | Entered Level 5 of the Dungeon
  5048 | D:4      | Learned a level 3 spell: Mephitic Cloud
  5053 | D:4      | Learned a level 4 spell: Iskenderun's Mystic Blast
  5219 | D:5      | You pick up a book of Blood and begin reading...
  5219 | D:5      | You add the spells Sublimation of Blood, Wereblood and
                  | Summon Hydra to your library.
  5307 | D:5      | Noticed Sigmund
  5321 | D:5      | Reached skill level 2 in Armour
  5321 | D:5      | Reached skill level 6 in Conjurations
  5656 | D:5      | Found a large runed translucent door.
  5657 | D:5      | Found a large runed translucent door.
  5657 | D:5      | Noticed Icepheonix32's ghost (amateur DrFE)
  5722 | D:5      | Noticed a water moccasin
  5731 | D:5      | Killed a water moccasin
  5732 | D:5      | Reached XP level 8. HP: 51/53 MP: 12/15
  5888 | D:5      | Reached skill level 1 in Shields
  5919 | D:5      | Reached skill level 5 in Spellcasting
  5925 | D:5      | Reached skill level 1 in Fighting
  5925 | D:5      | Reached skill level 3 in Armour
  6076 | D:5      | Noticed Pikel
  6603 | D:5      | Learned a level 4 spell: Fulminant Prism
  6643 | D:5      | Identified the ring "Kunicipn" {Fire MP+9 Int+3 Dex+2}
  7198 | D:5      | Killed Pikel
  7199 | D:5      | Reached skill level 3 in Dodging
  7199 | D:5      | Reached skill level 6 in Spellcasting
  7199 | D:5      | Reached skill level 7 in Conjurations
  7199 | D:5      | Reached XP level 9. HP: 61/61 MP: 13/18
  7681 | D:5      | Killed Sigmund
  7682 | D:5      | Reached skill level 2 in Fighting
  7682 | D:5      | Reached skill level 4 in Stealth
  7682 | D:5      | Reached skill level 2 in Shields
  7758 | D:6      | Found Celoidei's Assorted Antiques.
  7761 | D:6      | Bought a scroll of identify for 42 gold pieces
  7762 | D:6      | Noticed Prince Ribbit
  7780 | D:6      | Killed Prince Ribbit
  7781 | D:6      | Reached skill level 4 in Armour
  8205 | D:6      | Reached skill level 1 in Air Magic
  8253 | D:6      | Reached skill level 7 in Spellcasting
  8609 | D:7      | Reached skill level 8 in Conjurations
  8673 | D:7      | Reached XP level 10. HP: 68/68 MP: 20/20
  8810 | D:7      | Found a bloodstained altar of Trog.
  8816 | D:7      | You pick up a book of Storms and begin reading...
  8816 | D:7      | You add the spells Airstrike, Summon Lightning Spire and
                  | Lightning Bolt to your library.
  9005 | D:7      | Reached skill level 2 in Air Magic
  9010 | D:7      | Reached skill level 1 in Poison Magic
  9615 | D:7      | Reached skill level 1 in Polearms
  9964 | D:7      | Found a shimmering altar of Xom.
 10355 | D:8      | Reached skill level 2 in Polearms
 10618 | D:8      | You pick up a book of Chaos and begin reading...
 10618 | D:8      | You add the spells Conjure Ball Lightning, Disjunction and
                  | Discord to your library.
 11054 | D:8      | Reached skill level 3 in Polearms
 11090 | D:8      | Reached skill level 3 in Shields
 11277 | D:8      | Reached skill level 8 in Spellcasting
 11953 | D:8      | Found a shadowy altar of Dithmenos.
 11999 | D:9      | Found Zovveryt's General Store.
 12019 | D:9      | Bought a scroll of identify for 28 gold pieces
 12019 | D:9      | Bought a lightning rod (4/4) for 420 gold pieces
 12199 | D:9      | Reached skill level 4 in Polearms
 12265 | D:9      | Reached skill level 9 in Conjurations
 12532 | D:9      | Noticed Erica
 12551 | D:9      | Killed Erica
 12552 | D:9      | Reached skill level 4 in Dodging
 12552 | D:9      | Reached XP level 11. HP: 42/73 MP: 15/23
 12695 | D:9      | Identified the +4 leather armour of Hepliaklqana's Anger
                  | {rElec Will+++ Int-4}
 12859 | D:9      | Identified the +0 leather armour of Plog {Regen+}
 12935 | D:9      | Found a radiant altar of Vehumet.
 12939 | D:9      | Became a worshipper of Vehumet
 13324 | D:9      | Found a runed translucent gate.
 13324 | D:9      | Found a runed translucent gate.
 13324 | D:9      | Noticed tizbic2's ghost (novice OpTm)
 13325 | D:9      | Found a runed translucent gate.
 13486 | D:10     | Entered Level 10 of the Dungeon
 13628 | D:10     | Found Zofe's Firing Range.
 13856 | D:10     | Reached skill level 5 in Stealth
 13863 | D:10     | Reached * piety under Vehumet
 13863 | D:10     | Offered knowledge of Foxfire by Vehumet.
 14029 | D:10     | Noticed a two-headed ogre
 14040 | D:10     | Killed a two-headed ogre
 14041 | D:10     | Reached skill level 9 in Spellcasting
 14041 | D:10     | Reached skill level 2 in Poison Magic
 14517 | D:10     | Identified the +4 battleaxe "Goblinbane" {venom, Str+4}
 14530 | D:10     | Found a runed translucent gate.
 14530 | D:10     | Found a runed translucent gate.
 14531 | D:10     | Found a runed translucent gate.
 14533 | D:10     | Noticed sanboga's ghost (journeyman GrFi)
 14533 | D:10     | Noticed Diggabert's ghost (journeyman HOFi)
 14533 | D:10     | Noticed Icepheonix32's ghost (journeyman DsGl)
 14533 | D:10     | Noticed Sanktem7's ghost (novice MiFi)
 14705 | D:10     | Found a stormy altar of Qazlal.
 14898 | D:9      | Found a hide-covered altar of Uskayaw.
 14919 | D:11     | Found a staircase to the Orcish Mines.
 15054 | D:11     | Noticed a manticore
 15061 | D:11     | Killed a manticore
 15193 | D:11     | HP: 13/74 [water elemental (14)]
 15194 | D:11     | HP: 1/74 [drowned by a water elemental (12)]
 15194 | D:11     | Mangled by a water elemental

Vanquished Creatures
  Erica (D:9)
  A two-headed ogre (D:10)
  Pikel (D:5)
  A manticore (D:11)
  A troll (D:10)
  Prince Ribbit (D:6)
  A wyvern (D:8)
  2 shadows (D:9)
  Sigmund (D:5)
  5 yaks (D:10)
  A steam dragon (D:8)
  A vampire mosquito (D:5)
  An acid dragon (D:8)
  A water moccasin (D:5)
  2 sky beasts
  4 orc warriors
  3 black bears
  A wolf (D:11)
  3 ogres
  4 centaurs
  4 lemures
  A phantom (D:5)
  2 kobold brigands
  3 bullfrogs
  A gnoll sergeant (D:7)
  4 scorpions
  A wyvern skeleton (D:6)
  A wyvern zombie (D:8)
  13 killer bees
  4 howler monkeys
  3 electric eels (D:7)
  2 hounds
  5 orc priests
  A bullfrog skeleton (D:5)
  3 centaur zombies
  3 iguanas
  11 orc wizards
  A killer bee zombie (D:7)
  A hound skeleton (D:4)
  3 howler monkey zombies
  Robin (D:4)
  7 gnolls
  A howler monkey skeleton (D:5)
  5 adders
  A white imp (D:5)
  An ufetubus (D:7)
  3 worms
  4 dart slugs
  46 orcs
  9 ball pythons
  2 endoplasms (D:1)
  4 giant cockroaches
  18 goblins
  5 hobgoblins
  12 jackals
  2 quokkas
  5 bats
  4 frilled lizards
  9 kobolds
  3 rats
245 creatures vanquished.

Vanquished Creatures (others)
  8 fungi (D:9)
  17 plants (D:7)
25 creatures vanquished.

Grand Total: 270 creatures vanquished

Table legend:
 A = Non-vault XP
 B = Vault XP
 C = Vault XP percentage of total XP
 D = Non-vault monster count
 E = Vault monster count
 F = Vault count percentage of total count
                 A         B        C        D         E       F
            +---------+---------+-------+---------+---------+-------
      Total |    9888 |    2416 |  19.6 |     212 |      29 |  12.0
            +---------+---------+-------+---------+---------+-------
        D:1 |      36 |       0 |   0.0 |      20 |       0 |   0.0
        D:2 |      69 |      15 |  17.9 |      20 |       6 |  23.1
        D:3 |      56 |       8 |  12.5 |      21 |       5 |  19.2
        D:4 |     315 |      28 |   8.2 |      12 |       8 |  40.0
        D:5 |     942 |    1121 |  54.3 |      25 |       7 |  21.9
        D:6 |     915 |     283 |  23.6 |      13 |       1 |   7.1
        D:7 |    1055 |       0 |   0.0 |      26 |       0 |   0.0
        D:8 |    1561 |       0 |   0.0 |      29 |       0 |   0.0
        D:9 |    1189 |     842 |  41.5 |      24 |       1 |   4.0
       D:10 |    2766 |       0 |   0.0 |      20 |       0 |   0.0
       D:11 |     984 |     119 |  10.8 |       2 |       1 |  33.3
            +---------+---------+-------+---------+---------+-------

Illustrated notes

Table legend:
 A = Kills in this place as a percentage of kills in entire the game.
 B = Kills by you in this place as a percentage of kills by you in the entire game.
 C = Kills by friends in this place as a percentage of kills by friends in the entire game.
 D = Other kills in this place as a percentage of other kills in the entire game.
 E = Experience gained in this place as a percentage of experience gained in the entire game.
 F = Experience gained in this place divided by the number of levels of this place that you have seen.
                   A       B       C       D       E      F
               +-------+-------+-------+-------+-------+----------------------
         Total | 100.0 | 100.0 |   N/A | 100.0 | 100.0 | 1025.3
       Dungeon | 100.0 | 100.0 |   N/A | 100.0 | 100.0 | 1118.5
               +-------+-------+-------+-------+-------+----------------------

Table legend: (Time is in decaauts)
 A = Elapsed time spent in this place.
 B = Non-inter-level travel time spent in this place.
 C = Inter-level travel time spent in this place.
 D = Time resting spent in this place.
 E = Time spent auto-exploring this place.
 F = Levels seen in this place.
 G = Mean time per level.
                   A        B        C        D        E       F      G
               +--------+--------+--------+--------+--------+-----+--------+
         Total |  15250 |  14168 |   1082 |   3583 |   7662 |  12 | 1270.8 |
       Dungeon |  15180 |  14106 |   1074 |   3583 |   7618 |  11 | 1380.0 |
        Temple |     69 |     61 |      8 |      0 |     44 |   1 |   69.0 |
               +--------+--------+--------+--------+--------+-----+--------+

Top non-repeatable levels by time:
     D:5: 2291 daAuts
     D:8: 1784 daAuts
     D:7: 1653 daAuts
     D:9: 1530 daAuts
     D:2: 1501 daAuts
    D:10: 1487 daAuts
     D:1: 1309 daAuts
     D:3: 1308 daAuts
     D:4: 1273 daAuts
     D:6: 853 daAuts
    D:11: 187 daAuts
  Temple: 69 daAuts
